 Dungeon Crawl Stone Soup version 0.29-a0-474-gdfe5cd140f (webtiles) character file.

Game seed: 825898476066994206

5 dolemite99 the Chopper (level 1, -1/16 HPs)
             Began as a Demonspawn Gladiator on May 24, 2022.
             Slain by a gnoll
             ... wielding a +0 club
              (4 damage)
             ... on level 1 of the Dungeon.
             The game lasted 00:00:14 (39 turns).

dolemite99 the Chopper (Demonspawn Gladiator)         Turns: 39, Time: 00:00:14

Health: -1/16      AC:  4    Str: 14    XL:     1   Next: 66%
Magic:  1/1        EV: 12    Int:  9    God:
Gold:   0          SH:  0    Dex: 14    Spells: 0/0 levels left

rFire   . . .      SeeInvis .   a - +0 war axe
rCold   . . .      Faith    .   (no shield)
rNeg    . . .      Spirit   .   b - +0 leather armour
rPois   .          Reflect  .   c - +0 helmet
rElec   .          Harm     .   (no cloak)
rCorr   .          Rampage  .   (no gloves)
Will    .....                   (no boots)
Stlth   +.........              (no amulet)
HPRegen 0.05/turn               (no ring)
MPRegen 0.07/turn               (no ring)

@: no status effects
A: no striking features
a: no special abilities


You were on level 1 of the Dungeon.
You visited 1 branch of the dungeon, and saw 1 of its levels.

Inventory:

Hand Weapons
 a - a +0 war axe (weapon)
Missiles
 d - 4 throwing nets (quivered)
 e - a javelin
Armour
 b - a +0 leather armour (worn)
 c - a +0 helmet (worn)
Scrolls
 f - a scroll of fear {unknown}


   Skills:
 - Level 2.0 Fighting
 + Level 3.1 Axes
 - Level 1.7 Throwing
 - Level 2.6 Dodging


You couldn't memorise any spells.
You didn't know any spells.
Your spell library was empty.

Dungeon Overview and Level Annotations

Branches:
Dungeon (1/15)

Altars:


Message History

Unknown command.
You barely miss the frilled lizard.
You hit the frilled lizard but do no damage.
You barely miss the giant cockroach. You barely miss the frilled lizard.
You barely miss the ball python. The giant cockroach misses you.
The ball python bites you but does no damage.
The ball python constricts you.
* * * LOW HITPOINT WARNING * * *
The frilled lizard bites you but does no damage.
The frilled lizard closely misses you. x2
The giant cockroach closely misses you.
You slash the ball python!
You kill the ball python!
You miss the frilled lizard. You slash the giant cockroach!
You kill the giant cockroach!
You barely miss the frilled lizard. You miss the frilled lizard.
The frilled lizard bites you but does no damage.
The frilled lizard bites you.
* * * LOW HITPOINT WARNING * * *
The frilled lizard bites you but does no damage. x3
The frilled lizard barely misses you. x2
Your Axes skill increases to level 3!
You barely miss the frilled lizard. You closely miss the frilled lizard. x2
You miss the frilled lizard.
The frilled lizard bites you but does no damage.
The frilled lizard barely misses you.
The frilled lizard bites you but does no damage.
The frilled lizard misses you.
You closely miss the frilled lizard. x4; The frilled lizard misses you.
The frilled lizard bites you but does no damage.
The frilled lizard closely misses you. The frilled lizard barely misses you.
You closely miss the frilled lizard. You slash the frilled lizard!
You kill the frilled lizard!
You barely miss the frilled lizard. You hit the frilled lizard.
You kill the frilled lizard!
The bat closely misses you. The frilled lizard misses you.
The frilled lizard bites you but does no damage.
The bat hits you but does no damage. The frilled lizard barely misses you.
The gnoll hits you with a +0 club.
You die...

#.#.#.#
.....#..
#.#.<.#.
....#.#
#.#[#.#.#
...#.#
#.###.#.##
....#####..#
##.##
..........
...≈≈....
#gl≈≈≈≈..
#@b≈≈≈≈..
#l†≈≈≈≈..
#.≈≈≈≈≈..
#..≈≈≈...
##....?..
.##.... .#
.... ## ...
..


You could see a gnoll, a bat and 2 frilled lizards.

Vanquished Creatures
  A giant cockroach (D:1)
  2 ball pythons (D:1)
  5 frilled lizards (D:1)
8 creatures vanquished.

Notes
Turn   | Place    | Note
-------+----------+-------------------------------------------
     0 | D:1      | dolemite99 the Demonspawn Gladiator began the quest for the
                  | Orb.
     0 | D:1      | Reached XP level 1. HP: 16/16 MP: 1/1
    37 | D:1      | Reached skill level 3 in Axes
    39 | D:1      | Slain by a gnoll

Illustrated notes

Levels and vault maps discovered:
D:1:      minmay_arrival_diagonal_passages, layout_rooms,
          shapermc_ecumenical_altar_totnotflames, serial_shops,
          nicolae_shop_stone, serial_glass, glass_columns_c, glass_columns_a,
          minmay_lizard_pond

Skill      XL: |  1 |
---------------+----+-----
Axes           | 3 |  3.1
Fighting       | |  2.0
Throwing       | |  1.7
Dodging        | |  2.6

Action                   || total
-------------------------++-------
Melee: War axe           ||     9
  Use: Scroll            ||     1
Armor: Leather armour    ||    17
Dodge: Dodged            ||    23

Table legend: (Time is in decaauts)
 A = Elapsed time spent in this place.
 B = Non-inter-level travel time spent in this place.
 C = Inter-level travel time spent in this place.
 D = Time resting spent in this place.
 E = Time spent auto-exploring this place.
 F = Levels seen in this place.
 G = Mean time per level.
                   A        B        C        D        E       F      G
               +--------+--------+--------+--------+--------+-----+--------+
         Total |     41 |     41 |      0 |      4 |     11 |   1 |   41.0 |
       Dungeon |     41 |     41 |      0 |      4 |     11 |   1 |   41.0 |
               +--------+--------+--------+--------+--------+-----+--------+

Top non-repeatable levels by time:
     D:1: 41 daAuts
